 Dungeon Crawl Stone Soup version 0.31-a0-986-g5e6e4ef867 (webtiles) character file.

Game seed: 14826326728193678862

23 croobank the Sneak (level 2, -2/25 HPs)
             Began as a Demigod Delver on Nov 14, 2023.
             Slain by an adder (3 damage)
             ... on level 3 of the Dungeon.
             The game lasted 00:07:01 (733 turns).

croobank the Sneak (Demigod Delver)                  Turns: 733, Time: 00:07:02

Health: -2/25      AC:  3    Str: 13    XL:     2   Next: 54%
Magic:  4/4        EV: 12    Int: 12    God:
Gold:   15         SH:  0    Dex: 15    Spells: 1/1 levels left

rFire   . . .        a - +0 short sword
rCold   . . .        (no shield)
rNeg    . . .        b - +0 leather armour
rPois   .            (no helmet)
rElec   .            (no cloak)
rCorr   .            (no gloves)
SInv    .            (no boots)
Will    .....        (no amulet)
Stlth   +++          (no ring)
HPRegen 0.24/turn    (no ring)
MPRegen 0.09/turn

%: no passive effects
@: no status effects
A: high MP 1, forlorn, divine attributes
a: no special abilities


You were on level 3 of the Dungeon.
You visited 1 branch of the dungeon, and saw 4 of its levels.

You collected 15 gold pieces.

Inventory:

Hand Weapons
 a - a +0 short sword (weapon)
 c - a +0 sling
Armour
 b - a +0 leather armour (worn)
Jewellery
 e - an amulet of the acrobat
Wands
 g - a wand of digging (3)
Scrolls
 d - a scroll of revelation
 f - a scroll of fear
 i - a scroll of identify {unknown}
 j - a scroll of poison {unknown}
Potions
 h - a potion of enlightenment {unknown}
 k - a potion of mutation {unknown}
 l - 2 potions of attraction {unknown}


   Skills:
 + Level 2.9 Fighting
 + Level 2.1 Short Blades
 + Level 2.1 Dodging
 + Level 4.7 Stealth


You had one spell level left.
You didn't know any spells.
Your spell library was empty.

Dungeon Overview and Level Annotations

Branches:
Dungeon (6/15)
 Temple: D:4-7

Annotations:
D:3 Grinder


Innate Abilities, Weirdness & Mutations

You have an increased reservoir of magic. (+10% MP)
You shall have no god before yourself.
Your divine heritage dramatically boosts your attributes as you level up.


Message History

You miss the adder. The adder bites you.
The adder bites you but does no damage.
You barely miss the adder.
You feel sick. The adder bites you.
You miss the adder.
You feel sick. The adder closely misses you.
You hit the adder but do no damage.
You feel sick. The adder closely misses you.
You miss the adder.
You feel sick.
You are no longer poisoned.
The adder bites you.
You are poisoned.
The adder poisons you!
You hit the adder.
The adder is lightly wounded.
You feel sick. The adder closely misses you.
The adder bites you but does no damage.
You hit the adder but do no damage.
The adder is lightly wounded.
You feel sick. The adder barely misses you.
You closely miss the adder.
The adder is lightly wounded.
You feel sick. The adder barely misses you.
You hit the adder.
The adder is moderately wounded.
You feel sick. The adder barely misses you.
You barely miss the adder.
The adder is moderately wounded.
You feel sick. The adder bites you.
* * * LOW HITPOINT WARNING * * *
You closely miss the adder.
The adder is moderately wounded.
You feel sick. The adder bites you.
* * * LOW HITPOINT WARNING * * *
You hit the adder but do no damage.
The adder is moderately wounded.
You feel sick.
You are no longer poisoned.
The adder bites you.
* * * LOW HITPOINT WARNING * * *
The adder bites you.
You die...

#..# #.# #.# ).#
#..# #.# #.# ..
#..# #.# #.# #.#
#..# #.# #.# ..
#..# #.# #.#
#.##..# #.####.##
#..#..# #........
#.#..###########.##
#S@........ #.....
#.........#####
#.#...
#.............
#.####
#:........###.
#..... #########.#
###### .# .. ..


You could see an adder.

Vanquished Creatures
  An adder (D:6)
  A bat (D:3)
  An endoplasm (D:3)
  2 goblins
  3 hobgoblins (D:3)
  2 kobolds (D:4)
  A quokka (D:4)
  A frilled lizard (D:3)
12 creatures vanquished.

Notes
Turn   | Place    | Note
-------+----------+-------------------------------------------
     0 | D:5      | croobank the Demigod Delver began the quest for the Orb.
     0 | D:5      | Reached XP level 1. HP: 18/18 MP: 3/3
    35 | D:6      | Noticed a centaur
    37 | D:6      | Noticed a sky beast
   141 | D:5      | Noticed a howler monkey
   168 | D:4      | Reached XP level 2. HP: 16/25 MP: 4/4
   375 | D:3      | Noticed Grinder
   733 | D:3      | HP: 1/25 [adder (1)]
   733 | D:3      | Slain by an adder

Illustrated notes

Levels and vault maps discovered:
D:3:      layout_basic, shapermc_ecumenical_altar_mp_highgroup,
          uniq_crazy_yiuf_cottage, uniq_ijyb, uniq_grinder
D:4:      layout_basic
D:5:      layout_basic
D:6:      layout_cave_pools, makhleb_heckhound_becter, grunt_ministairs_12,
          uniq_edmund

Skill      XL: |  1 |
---------------+----+-----
Short Blades   | 2 |  2.1
Dodging        | 2 |  2.1
Fighting       | |  2.9
Stealth        | |  4.7

Action                     || total
---------------------------++-------
  Melee: Short sword       ||    92
    Use: Scroll            ||     2
         Potion            ||     2
   Stab: Sleeping          ||     3
 Armour: Leather armour    ||    52
  Dodge: Dodged            ||    49

Table legend: (Time is in decaauts)
 A = Elapsed time spent in this place.
 B = Non-inter-level travel time spent in this place.
 C = Inter-level travel time spent in this place.
 D = Time resting spent in this place.
 E = Time spent auto-exploring this place.
 F = Levels seen in this place.
 G = Mean time per level.
                   A        B        C        D        E       F      G
               +--------+--------+--------+--------+--------+-----+--------+
         Total |    713 |    702 |     11 |    134 |    335 |   4 |  178.2 |
       Dungeon |    713 |    702 |     11 |    134 |    335 |   4 |  178.2 |
               +--------+--------+--------+--------+--------+-----+--------+

Top non-repeatable levels by time:
     D:3: 407 daAuts
     D:4: 169 daAuts
     D:6: 108 daAuts
     D:5: 27 daAuts
